 Dungeon Crawl Stone Soup version 0.17.0-28-g6e173f8 (webtiles) character file.

329 septik the Magician (level 6, -2/38 HPs)
             Began as an Octopode Transmuter on Nov 30, 2015.
             Was an Initiate of Cheibriados.
             Slain by an orc wizard
             ... wielding a +0 dagger
              (4 damage)
             ... on level 4 of the Dungeon.
             The game lasted 00:10:01 (4001 turns).

septik the Magician (Octopode Transmuter)           Turns: 4001, Time: 00:10:01

Health: -2/38      AC:  1    Str: 10    XL:     6   Next: 50%
Magic:  10/13      EV: 12    Int: 16    God:    Cheibriados [......]
Gold:   130        SH:  0    Dex: 16    Spells: 3 memorised, 9 levels left

rFire  . . .     SeeInvis .       - Unarmed
rCold  . . .     Clarity  .     (no shield)
rNeg   . . .     SustAt   .     (helmet restricted)
rPois  .         Gourm    .     (no amulet)
rElec  .         Spirit   .     (no ring)
rCorr  .         Warding  .     (no ring)
rMut   .         Stasis   .     (no ring)
MR     .....                    (no ring)
Stlth  ++........               (no ring)
                                (no ring)
                                (no ring)
                                (no ring)

@: appendage, very slow, not resistant to hostile enchantments, unstealthy
A: almost no armour, amphibious, 8 rings, constrict 8, tentacle spike 3,
camouflage 1, gelatinous body 1
a: End Transformation, Bend Time, Renounce Religion


You were on level 4 of the Dungeon.
You worshipped Cheibriados.
Cheibriados was noncommittal.
You were not hungry.
One of your tentacles had a temporary spike.
You visited 1 branch of the dungeon, and saw 4 of its levels.

You collected 130 gold pieces.

Inventory:

Missiles
 a - 35 arrows
 f - 124 stones (quivered)
 l - 51 poisoned needles
Armour
 t - a +0 buckler
 u - a +0 large shield
Jewellery
 e - an uncursed ring of see invisible {unknown}
 i - an uncursed amulet of regeneration {unknown}
Scrolls
 d - 2 scrolls of random uselessness {unknown}
 h - a scroll of recharging {unknown}
 j - 5 scrolls of identify {unknown}
 k - a scroll of noise {unknown}
 m - 2 scrolls of enchant armour {unknown}
 s - a scroll of teleportation {unknown}
Potions
 n - 3 potions of mutation {unknown}
 o - a potion of agility {unknown}
 p - a potion of might {unknown}
 q - a potion of ambrosia {unknown}
 r - 2 potions of haste {unknown}
 x - a potion of heal wounds {unknown}
Books
 b - a book of Changes

   Spells                             Type                      Level
   a - Beastly Appendage              Transmutation                1
   b - Sticks to Snakes               Transmutation                2
   c - Spider Form                    Transmutation/Poison         3
   d - Ice Form                       Ice/Transmutation            4
   e - Blade Hands                    Transmutation                5
Comestibles
 c - 5 bread rations
 v - a royal jelly
 w - 3 chunks of flesh


   Skills:
 - Level 1.0 Fighting
 - Level 2.0 Dodging
 - Level 3.0 Unarmed Combat
 * Level 5.1 Spellcasting
 + Level 4.2 Transmutations


You had 9 spell levels left.
You knew the following spells:

 Your Spells              Type           Power        Failure   Level  Hunger
a - Beastly Appendage     Trmt           ###...       3%          1    None
b - Sticks to Snakes      Trmt           ###.......   6%          2    #......
c - Spider Form           Trmt/Pois      ##........   21%         3    ###....


Dungeon Overview and Level Annotations

Branches:
Dungeon (4/15)
 Temple: D:4-7

Altars:
Cheibriados
Elyvilon
The Shining One


Innate Abilities, Weirdness & Mutations

You cannot wear most types of armour.
You are amphibious.
You can wear up to eight rings at the same time.
You can use your tentacles to constrict eight enemies at once.
Your skin changes colour to match your surroundings (Stealth).
Your rubbery body absorbs attacks (AC +1).
One of your tentacles bears a large vicious spike.


Message History

The orc wizard points at you and mumbles some strange words.
The magic dart hits you!
* * * LOW HITPOINT WARNING * * *
Drink which item? (? for menu, Esc to quit)
You feel better.
You constrict the orc wizard. The orc wizard hits you with a dagger.
* * * LOW HITPOINT WARNING * * *
The orc wizard barely misses you.
Casting: Spider Form
Confirm with . or Enter, or press ? or * to list all spells.
One of your tentacles grows a vicious spike.
You constrict the orc wizard. The orc wizard hits you with a dagger.
* * * LOW HITPOINT WARNING * * *
You tentacle-slap the orc wizard.
The orc wizard is heavily wounded.
You constrict the orc wizard. The orc wizard closely misses you.
You tentacle-slap the orc wizard.
The orc wizard is severely wounded.
You constrict the orc wizard. The orc wizard hits you with a dagger.
You die...

#######.###..##...#.#####
#......##...#.#
#####..##...#.#
#.........# #.#########
#.######### #....[....#
#..)####..# #..@# #
#...o# #........
.......... #.###..#.## #.
#..... #.# .# .. .#


You could see an orc wizard.

Vanquished Creatures
  2 orc priests (D:3)
  Ijyb (D:2)
  3 orc wizards (D:4)
  Jessica (D:3)
  3 gnolls (D:3)
  2 adders (D:2)
  A shadow imp (D:4)
  2 worms
  A giant gecko (D:1)
  9 orcs
  9 bats
  5 giant cockroaches
  4 hobgoblins
  2 jackals (D:3)
  2 ball pythons
  4 giant newts
  3 goblins
  10 kobolds
  A quokka (D:2)
  6 rats
71 creatures vanquished.

Notes
Turn   | Place    | Note
--------------------------------------------------------------
     0 | D:1      | septik the Octopode Transmuter began the quest for the Orb.
     0 | D:1      | Reached XP level 1. HP: 13/13 MP: 3/3
   406 | D:1      | Reached XP level 2. HP: 12/18 MP: 3/5
   867 | D:1      | Found a glowing golden altar of the Shining One.
  1141 | D:2      | Reached XP level 3. HP: 19/23 MP: 7/7
  1794 | D:2      | Noticed Ijyb
  1808 | D:2      | Killed Ijyb
  1808 | D:2      | Reached XP level 4. HP: 18/28 MP: 7/9
  2163 | D:3      | Noticed Jessica
  2170 | D:3      | Killed Jessica
  2263 | D:3      | Reached XP level 5. HP: 24/33 MP: 8/10
  2289 | D:3      | Reached skill level 4 in Spellcasting
  3268 | D:3      | Reached XP level 6. HP: 10/38 MP: 12/12
  3701 | D:3      | Found a white marble altar of Elyvilon.
  3795 | D:3      | Found a snail-covered altar of Cheibriados.
  3801 | D:3      | Became a worshipper of Cheibriados the Contemplative
  3888 | D:4      | Learned a level 2 spell: Sticks to Snakes
  3892 | D:4      | Learned a level 3 spell: Spider Form
  3946 | D:4      | Found a glowing golden altar of the Shining One.
  3984 | D:4      | Reached skill level 5 in Spellcasting
  3997 | D:4      | HP: 1/38 [orc wizard/magic dart (6)]
  4001 | D:4      | Slain by an orc wizard

Action                   |  1- 3 |  4- 6 || total
-------------------------+-------+-------++-------
Melee: Unarmed           |    86 |   120 ||   206
 Cast: Beastly Appendage |     8 |    15 ||    23
       Spider Form       |       |     1 ||     1
       Sticks to Snakes  |       |     1 ||     1
  Use: Potion            |       |     3 ||     3
 Stab: Sleeping          |     6 |     4 ||    10
  Eat: Chunk             |     3 |     7 ||    10
